 Dungeon Crawl Stone Soup version 0.27.1-1-g398f81649c (webtiles) character file.

Game seed: 7146550278766356608

325 greenlake the Cudgeller (level 6, -7/50 HPs)
             Began as a Demonspawn Gladiator on Sept 10, 2021.
             Mangled by a wyvern zombie (10 damage)
             ... on level 5 of the Dungeon.
             The game lasted 00:14:21 (4344 turns).

greenlake the Cudgeller (Demonspawn Gladiator)      Turns: 4344, Time: 00:14:22

Health: -7/50      AC:  6    Str: 16    XL:     6   Next: 24%
Magic:  6/6        EV: 14    Int: 10    God:
Gold:   222        SH:  0    Dex: 14    Spells: 5/5 levels left

rFire    . . .     SeeInvis .   a - +0 flail
rCold    . . .     Faith    .   (no shield)
rNeg     . . .     Spirit   .   b - +0 leather armour
rPois    .         Reflect  .   (helmet restricted)
rElec    .         Harm     .   (no cloak)
rCorr    .         Rampage  .   (no gloves)
Will     .....                  h - +2 pair of boots
Stlth    +.........             (no amulet)
HPRegen  0.16/turn              (no ring)
MPRegen  0.10/turn              (no ring)

@: mighty
A: horns 1, repulsion field 1
a: no special abilities


You were on level 5 of the Dungeon.
You visited 1 branch of the dungeon, and saw 5 of its levels.

You collected 222 gold pieces.

Inventory:

Hand Weapons
 a - a +0 flail (weapon)
Missiles
 d - 3 throwing nets (quivered)
Armour
 b - a +0 leather armour (worn)
 c - a +0 helmet
 h - a +2 pair of boots (worn)
 r - a +0 scale mail of willpower
Jewellery
 k - a +6 ring of dexterity
Scrolls
 g - 2 scrolls of teleportation {unknown}
 j - 2 scrolls of noise {unknown}
 n - 2 scrolls of enchant weapon {unknown}
 o - 5 scrolls of identify {unknown}
 p - a scroll of immolation {unknown}
 q - a scroll of summoning {unknown}
 s - a scroll of magic mapping {unknown}
Potions
 f - a potion of flight {unknown}
 i - a potion of curing
 l - a potion of attraction {unknown}
 m - a potion of mutation {unknown}
 t - a potion of haste {unknown}


   Skills:
 + Level 4.9 Fighting
 + Level 4.9 Maces & Flails
 - Level 1.7 Throwing
 - Level 2.6 Dodging


You had 5 spell levels left.
You didn't know any spells.
Your spell library contained the following spells:

 Spells                   Type           Power      Damage    Failure   Level
 Corpse Rot               Necr/Air       N/A        N/A       56%         2
 Static Discharge         Conj/Air       0%         N/A       56%         2
 Dispel Undead            Necr           0%         3d6       99%         4
 Lightning Bolt           Conj/Air       0%         1d11      100%        5
 Death Channel            Necr           0%         N/A       100%        6
 Maxwell's Capacitive Co  Air            0%         ∞         100%        8


Dungeon Overview and Level Annotations

Branches:
Dungeon (5/15)
 Temple: D:4-7

Altars:

Annotations:
D:4 1 runed translucent door, Crazy Yiuf


Innate Abilities, Weirdness & Mutations

You have a pair of small horns on your head.
You are surrounded by a mild repulsion field. (EV +2)


Message History

The water moccasin is lightly wounded.
The water moccasin bites you but does no damage.
The water moccasin completely misses you.
You hit the water moccasin but do no damage.
You headbutt the water moccasin.
The water moccasin is moderately wounded.
The water moccasin barely misses you.
You sock the water moccasin! You headbutt the water moccasin.
The water moccasin is almost dead.
The water moccasin bites you. The water moccasin bites you!
You are poisoned.
The water moccasin poisons you!
You completely miss the water moccasin.
The water moccasin is almost dead.
You feel very sick. The wyvern zombie misses you. The water moccasin bites you.
You are more poisoned.
The water moccasin poisons you! The water moccasin bites you.
You are lethally poisoned!
The water moccasin poisons you!
The wyvern zombie completely misses you.
You feel extremely sick. The wyvern zombie bites you!
* * * LOW HITPOINT WARNING * * *
It was a potion of curing.
You feel better. The water moccasin barely misses you.
The wyvern zombie bites you!
* * * LOW HITPOINT WARNING * * *
The water moccasin bites you.
* * * LOW HITPOINT WARNING * * *
It was a potion of might.
You feel very mighty all of a sudden. The wyvern zombie barely misses you.
The water moccasin barely misses you. The wyvern zombie bites you.
* * * LOW HITPOINT WARNING * * *
The water moccasin bites you but does no damage.
The wyvern zombie closely misses you.
You barely miss the wyvern zombie. You headbutt the wyvern zombie!
The wyvern zombie is lightly damaged.
The wyvern zombie bites you!
You die...

# #....... #.##########.#.....
.... #.#....#.....#.#### ....
#........#......### .....
.##....#...........
....##########....#.#.########
.................+........
#.....#..##....##..####.###
#.......SZ@........# #....
#.....########....## #####
#....####### #......
#.##.......# #.....# #.
#.......# ###..# #
##......######..#####
....>..#...........#
)..#.......##..###.#
..###........#....#.#


You could see a water moccasin and a wyvern zombie.

Vanquished Creatures
  A phantom (D:5)
  A bullfrog skeleton (D:5)
  Jessica (D:2)
  An orc wizard (D:3)
  Robin (D:2)
  5 adders
  An adder skeleton (D:4)
  A worm (D:4)
  A dart slug (D:3)
  9 orcs
  3 endoplasms
  2 giant cockroaches (D:1)
  16 goblins
  9 hobgoblins
  2 jackals (D:4)
  2 quokkas
  4 ball pythons
  2 bats
  6 frilled lizards
  9 kobolds
  6 rats
83 creatures vanquished.

Vanquished Creatures (others)
  An orc wizard (D:3)
1 creature vanquished.

Grand Total: 84 creatures vanquished

Notes
Turn   | Place    | Note
-------+----------+-------------------------------------------
     0 | D:1      | greenlake the Demonspawn Gladiator began the quest for the
                  | Orb.
     0 | D:1      | Reached XP level 1. HP: 16/16 MP: 1/1
   238 | D:1      | Gained mutation: You are surrounded by a mild repulsion
                  | field. (EV +2) [demonic ancestry]
   238 | D:1      | Reached XP level 2. HP: 23/23 MP: 2/2
   574 | D:1      | Found a faded altar of an unknown god.
   803 | D:2      | Noticed Robin
   827 | D:2      | Reached XP level 3. HP: 23/28 MP: 3/3
  1283 | D:2      | Killed Robin
  1344 | D:2      | Noticed Jessica
  1638 | D:2      | Killed Jessica
  1639 | D:2      | Reached XP level 4. HP: 32/35 MP: 4/4
  2130 | D:3      | Noticed an ogre
  2476 | D:3      | Reached XP level 5. HP: 35/42 MP: 5/5
  3463 | D:4      | Found a runed translucent door.
  3464 | D:4      | Noticed Crazy Yiuf
  3933 | D:5      | Entered Level 5 of the Dungeon
  3943 | D:5      | Noticed a phantom
  3964 | D:5      | Killed a phantom
  3965 | D:5      | Gained mutation: You have a pair of small horns on your
                  | head. [demonic ancestry]
  3965 | D:5      | Reached XP level 6. HP: 33/49 MP: 6/6
  4327 | D:5      | Noticed a water moccasin
  4337 | D:5      | HP: 2/50 [wyvern zombie (2)]
  4344 | D:5      | Mangled by a wyvern zombie

Illustrated notes

Levels and vault maps discovered:
D:1:      matt_arrival_grand_opening, layout_loops_ring,
          hellmonk_ecumenical_altar_heavens_door
D:2:      layout_rooms, hex_tiny, uniq_robin, uniq_jessica
D:3:      minmay_spotlight, layout_basic, minmay_snake_closets
D:4:      layout_basic, uniq_crazy_yiuf_cottage
D:5:      layout_basic, minmay_temple_entry_large_hall,
          chequers_serial_rivers_micro_d, st_stairs_8

Skill      XL: |  1  2  3  4  5 |
---------------+----------------+-----
Maces & Flails | 3 4 |  4.9
Fighting       | 3 4 |  4.9
Throwing       | |  1.7
Dodging        | |  2.6

Action                   |  1- 3 |  4- 6 || total
-------------------------+-------+-------++-------
Melee: Flail             |   117 |   212 ||   329
       Headbutt          |       |    10 ||    10
  Use: Potion            |       |     2 ||     2
 Stab: Sleeping          |       |     1 ||     1
Armor: Leather armour    |    42 |    56 ||    98
Dodge: Dodged            |   111 |   176 ||   287
